 Dungeon Crawl Stone Soup version 0.28-a0-863-g8cecda6153 (webtiles) character file.

Game seed: 447344460841064720

245 mcbry74 the Cudgeller (level 5, -2/48 HPs)
             Began as a Troll Gladiator on Nov 18, 2021.
             Slain by an orc warrior (20 damage)
             ... on level 4 of the Dungeon.
             The game lasted 00:08:42 (2998 turns).

mcbry74 the Cudgeller (Troll Gladiator)             Turns: 2998, Time: 00:08:43

Health: -2/48      AC:  5    Str: 23    XL:     5   Next: 83%
Magic:  4/4        EV: 10    Int:  4    God:
Gold:   175        SH:  0    Dex: 11    Spells: 4/4 levels left

rFire   . . .      SeeInvis .   a - +0 flail
rCold   . . .      Faith    .   (no shield)
rNeg    . . .      Spirit   .   b - +0 robe
rPois   .          Reflect  .   c - +0 hat
rElec   .          Harm     .   f - +0 cloak
rCorr   .          Rampage  .   (gloves unavailable)
Will    +....                   (boots unavailable)
Stlth   +.........              (no amulet)
HPRegen 1.16/turn               l - ring of willpower
MPRegen 0.09/turn               (no ring)

@: no status effects
A: large, unfitting armour, claws 3, regeneration 1, shaggy fur 1, tough skin 1
a: no special abilities


You were on level 4 of the Dungeon.
You visited 1 branch of the dungeon, and saw 4 of its levels.

You collected 175 gold pieces.

Inventory:

Hand Weapons
 a - a +0 flail (weapon)
Missiles
 d - 2 throwing nets (quivered)
Armour
 b - a +0 robe (worn)
 c - a +0 hat (worn)
 f - a +0 cloak (worn)
Jewellery
 l - a ring of willpower (left claw)
Scrolls
 e - a scroll of enchant weapon
 g - a scroll of identify
 i - a scroll of immolation
 j - a scroll of fear {unknown}
 k - 2 scrolls of noise {unknown}
 m - a scroll of teleportation {unknown}
 q - 2 scrolls of fog
Potions
 h - 2 potions of mutation
 n - 3 potions of brilliance
 o - 4 potions of curing
 p - 2 potions of flight


   Skills:
 - Level 1.5 Fighting
 + Level 6.0 Maces & Flails
 - Level 1.7 Throwing
 - Level 2.4 Dodging


You had 4 spell levels left.
You didn't know any spells.
Your spell library contained the following spells:

 Spells                   Type           Power      Damage    Failure   Level
 Shock                    Conj/Air       0%         1d3       50%         1
 Slow                     Hex            0%         N/A       50%         1
 Confusing Touch          Hex            0%         N/A       86%         3
 Swiftness                Air            0%         N/A       86%         3
 Airstrike                Air            0%         N/A       99%         4
 Yara's Violent Unravell  Hex/Tmut       0%         3d3       100%        5


Dungeon Overview and Level Annotations

Branches:
Dungeon (4/15)
 Temple: D:4-7

Altars:
Ashenzari
Dithmenos
Sif Muna


Innate Abilities, Weirdness & Mutations

You are too large for most types of armour.
You have claws for hands.
Your natural rate of healing is unusually fast.
You are covered in fur. (AC +1)
You have tough skin. (AC +1)


Message History

The orc wizard hits you but does no damage.
You closely miss the orc wizard.
The orc wizard is almost dead.
The orc wizard hits you but does no damage.
The orc reads a scroll.
Wisps of shadow swirl around the orc.
You hit the orc wizard.
You kill the orc wizard!
Your Maces & Flails skill increases to level 6!
You sock the orc!
You kill the orc!
Throw: 3 throwing nets
Press: ? - help, Q - select action Shift-Dir - straight line, f - orc warrior
Aim: an orc warrior, wielding a +0 scimitar and wearing a +0 plate armour (54% to hit)
You throw a throwing net. The throwing net hits the orc warrior.
The orc warrior is caught in the net!
The orc warrior struggles against the net.
You hit the orc warrior but do no damage.
The orc warrior struggles against the net.
You hit the orc warrior but do no damage.
The orc warrior struggles against the net.
You sock the orc warrior!
The orc warrior is moderately wounded.
The orc warrior struggles against the net.
You hit the orc warrior but do no damage.
The orc warrior is moderately wounded.
The orc warrior struggles against the net.
The net rips apart, and the orc warrior comes free!
The orc wizard mumbles some strange words.
The orc wizard flickers and vanishes!
Deactivating autopickup; reactivate with Ctrl-A.
You barely miss the orc warrior.
The orc warrior is moderately wounded.
The orc warrior hits you with a +0 scimitar!
You hit the orc warrior.
The orc warrior is moderately wounded.
The orc warrior hits you with a +0 scimitar!!
You barely miss the orc warrior.
The orc warrior is moderately wounded.
The orc warrior hits you with a +0 scimitar!!
You die...

# .# .# #### ....#
######... . .#..
#........ ..##...
#.###.... .....
#........ #...
#..♣♣♣♣♣♣
#.o##########........
#.{o@..........♣.♣♣♣.
#..o###########.♣.....
....... #.♣.._..
......# #.♣.....
###### #.♣.♣♣♣.
#....... #.♣♣♣♣♣♣
#....... #######.


You could see an orc warrior and 2 orcs.

Vanquished Creatures
  An orc priest (D:4)
  An orc wizard (D:4)
  3 gnolls
  8 adders
  2 worms (D:2)
  A dart slug (D:3)
  10 orcs
  6 ball pythons
  6 bats
  4 endoplasms
  3 giant cockroaches
  3 goblins
  7 hobgoblins
  2 jackals (D:1)
  A quokka (D:2)
  14 kobolds
  5 rats
77 creatures vanquished.

Vanquished Creatures (others)
  A plant (D:1)
1 creature vanquished.

Grand Total: 78 creatures vanquished

Notes
Turn   | Place    | Note
-------+----------+-------------------------------------------
     0 | D:1      | mcbry74 the Troll Gladiator began the quest for the Orb.
     0 | D:1      | Reached XP level 1. HP: 19/19 MP: 0/0
   110 | D:1      | Found a faded altar of an unknown god.
   167 | D:1      | Reached skill level 3 in Maces & Flails
   245 | D:1      | Reached XP level 2. HP: 25/27 MP: 1/1
   889 | D:2      | Reached XP level 3. HP: 33/33 MP: 2/2
   890 | D:2      | Reached skill level 4 in Maces & Flails
  1262 | D:2      | Reached XP level 4. HP: 41/41 MP: 3/3
  1893 | D:3      | Found a shadowy altar of Dithmenos.
  1987 | D:3      | Reached skill level 5 in Maces & Flails
  2233 | D:3      | Reached XP level 5. HP: 27/48 MP: 4/4
  2890 | D:4      | Found a shimmering blue altar of Sif Muna.
  2945 | D:4      | Found a broken altar of Ashenzari.
  2984 | D:4      | Noticed an orc warrior
  2990 | D:4      | Reached skill level 6 in Maces & Flails
  2998 | D:4      | Slain by an orc warrior

Illustrated notes

Levels and vault maps discovered:
D:1:      wander_arrival_fairy_ring, layout_basic,
          shapermc_ecumenical_altar_mp_ritualfount, serial_park_tiny_1,
          minmay_3d_cube
D:2:      layout_basic
D:3:      layout_loops_corners, lemuel_tele_altar, chequers_arboretum
D:4:      layout_basic, mainiacjoe_overflow_cross_hatched,
          mainiacjoe_overflow_alcove_4, mainiacjoe_overflow_catch_the_wave,
          minmay_temple_entry_mini_moons, chequers_jeans

Skill      XL: |  1  2  3  4  5 |
---------------+----------------+-----
Maces & Flails | 3 4 5 6 |  6.0
Fighting       | |  1.5
Throwing       | |  1.7
Dodging        | |  2.4

Action                   |  1- 3 |  4- 6 || total
-------------------------+-------+-------++-------
Melee: Flail             |   145 |   165 ||   310
Throw: Throwing net      |       |     1 ||     1
  Use: Scroll            |       |     7 ||     7
 Stab: Sleeping          |       |     1 ||     1
Armor: Robe              |    55 |    44 ||    99
Dodge: Dodged            |   129 |    72 ||   201

Table legend: (Time is in decaauts)
 A = Elapsed time spent in this place.
 B = Non-inter-level travel time spent in this place.
 C = Inter-level travel time spent in this place.
 D = Time resting spent in this place.
 E = Time spent auto-exploring this place.
 F = Levels seen in this place.
 G = Mean time per level.
                   A        B        C        D        E       F      G
               +--------+--------+--------+--------+--------+-----+--------+
         Total |   3053 |   2971 |     82 |     49 |   2217 |   4 |  763.2 |
       Dungeon |   3053 |   2971 |     82 |     49 |   2217 |   4 |  763.2 |
               +--------+--------+--------+--------+--------+-----+--------+

Top non-repeatable levels by time:
     D:3: 1065 daAuts
     D:2: 881 daAuts
     D:1: 863 daAuts
     D:4: 242 daAuts
